 Dungeon Crawl Stone Soup version 0.28-a0-2-g643f2454ad (webtiles) character file.

Game seed: 9057833528224446992

150 robertstho the Chopper (level 5, -7/72 HPs)
             Began as a Minotaur Berserker on July 22, 2021.
             Was a Believer of Trog.
             Mangled by an orc warrior (17 damage)
             ... on level 4 of the Dungeon.
             The game lasted 00:02:14 (2658 turns).

robertstho the Chopper (Minotaur Berserker)         Turns: 2658, Time: 00:02:14

Health: -7/72      AC: 11    Str: 22    XL:     5   Next: 10%
Magic:  4/4        EV:  8    Int:  5    God:    Trog [**....]
Gold:   150        SH:  0    Dex:  9    Spells: 4/4 levels left

rFire   . . .      SeeInvis .   b - +0 war axe (flame)
rCold   . . .      Faith    .   (no shield)
rNeg    . . .      Spirit   .   a - +2 chain mail {Will+}
rPois   .          Reflect  .   (helmet restricted)
rElec   .          Harm     .   (no cloak)
rCorr   .          Rampage  .   (no gloves)
Will    +....                   (no boots)
Stlth   ..........              (no amulet)
HPRegen 0.22/turn               (no ring)
MPRegen 0.09/turn               (no ring)

@: berserking, very quick
A: horns 2, retaliatory headbutt
a: Renounce Religion, Berserk, Trog's Hand


You were on level 4 of the Dungeon.
You worshipped Trog.
Trog was pleased with you.
You visited 1 branch of the dungeon, and saw 4 of its levels.

You collected 150 gold pieces.

Inventory:

Hand Weapons
 b - a +0 war axe of flaming (weapon)
 l - a +0 war axe
Armour
 a - a +2 chain mail of willpower (worn)
Wands
 m - a wand of flame (18)
Scrolls
 c - 2 scrolls of noise {unknown}
 d - 2 scrolls of identify {unknown}
 e - a scroll of magic mapping {unknown}
 h - a scroll of enchant armour {unknown}
 j - 3 scrolls of teleportation {unknown}
 k - a scroll of immolation {unknown}
 o - a scroll of amnesia {unknown}
 p - a scroll of torment {unknown}
Potions
 f - 2 potions of might {unknown}
 g - 2 potions of mutation {unknown}
 i - a potion of lignification {unknown}
 n - a potion of brilliance {unknown}


   Skills:
 * Level 5.0 Fighting
 + Level 5.2 Axes
 * Level 3.6 Armour
 + Level 2.5 Dodging


You had 4 spell levels left.
You didn't know any spells.
Your spell library was empty.

Dungeon Overview and Level Annotations

Branches:
Dungeon (4/15)
 Temple: D:4-7

Altars:
Fedhas
Ru

Annotations:
D:3 2 transporters
D:4 1 runed translucent door


Innate Abilities, Weirdness & Mutations

You have a pair of horns on your head.
You reflexively headbutt those who attack you in melee.


Message History

An orc comes into view. It is wielding a +0 short sword.
Things that are here:
a +0 short sword; an orc corpse You closely miss the orc warrior.
You headbutt the orc warrior.
The orc warrior is lightly wounded.
The orc warrior hits you with a +0 glaive! x2
* * * LOW HITPOINT WARNING * * *
An orc comes into view. It is wielding a +3 dagger of venom.
You are too injured to fight recklessly!
You are too injured to fight recklessly!
You are too injured to fight recklessly!
You are too injured to fight recklessly!
You are too injured to fight recklessly!
You are too injured to fight recklessly!
You are too injured to fight recklessly!
You are too injured to fight recklessly!
You are too injured to fight recklessly!
You are too injured to fight recklessly!
You are too injured to fight recklessly!
You are too injured to fight recklessly!
You are too injured to fight recklessly!
You are too injured to fight recklessly!
You are too injured to fight recklessly!
A red film seems to cover your vision as you go berserk!
You feel yourself moving faster!
You feel mighty!
The orc shouts!
The orc warrior hits you but does no damage.
You completely miss the orc warrior.
The orc warrior is lightly wounded.
You barely miss the orc warrior.
The orc warrior is lightly wounded.
The orc warrior misses you.
You slash the orc warrior! You burn the orc warrior.
The orc warrior is severely wounded.
The orc warrior hits you with a +0 glaive!
* * * LOW HITPOINT WARNING * * *
You barely miss the orc warrior.
The orc warrior is severely wounded.
The orc warrior hits you with a +0 glaive!
You die...

.### ...# ...# ...#
..### .....# .###.####
)# ....# ######.#
.###.#... ####..@ooo#
.....#..#[#.|.#####o....
...###.......## ...
.....#.#####.# #
.....#.#####.#
.....#.......#
...#.......####
...#.####†....# #.##.#
#.....#


You could see an orc warrior and 3 orcs.

Vanquished Creatures
  A water moccasin zombie (D:3)
  A worm (D:3)
  3 dart slugs
  8 orcs
  3 giant cockroaches
  12 hobgoblins
  3 jackals (D:3)
  6 ball pythons
  5 bats
  3 frilled lizards
  14 goblins
  5 kobolds
  A rat (D:2)
65 creatures vanquished.

Vanquished Creatures (others)
  6 plants (D:3)
6 creatures vanquished.

Grand Total: 71 creatures vanquished

Notes
Turn   | Place    | Note
-------+----------+-------------------------------------------
     0 | D:1      | robertstho the Minotaur Berserker began the quest for the
                  | Orb.
     0 | D:1      | Reached XP level 1. HP: 19/19 MP: 0/0
     2 | D:1      | Noticed a merfolk
     2 | D:1      | Noticed a gargoyle
     4 | D:1      | Noticed a demonspawn
     4 | D:1      | Noticed a draconian
     6 | D:1      | Noticed a felid
     6 | D:1      | Noticed a demigod
     8 | D:1      | Noticed an octopode
     8 | D:1      | Noticed a formicid
    10 | D:1      | Noticed a vine stalker
    12 | D:1      | Noticed a minotaur
    12 | D:1      | Noticed an elf
    14 | D:1      | Noticed a djinni
    14 | D:1      | Noticed a naga
    16 | D:1      | Noticed a dwarf
    16 | D:1      | Noticed a tengu
    18 | D:1      | Noticed a ghoul
    18 | D:1      | Noticed a vampire
    20 | D:1      | Noticed a barachi
    22 | D:1      | Noticed an ogre
    22 | D:1      | Noticed a palentonga
    24 | D:1      | Noticed a spriggan
    24 | D:1      | Noticed a human
    26 | D:1      | Noticed a troll
   323 | D:1      | Found a faded altar of an unknown god.
   541 | D:1      | Reached XP level 2. HP: 27/27 MP: 1/1
  1079 | D:2      | Found a sacrificial altar of Ru.
  1158 | D:2      | Reached XP level 3. HP: 23/34 MP: 2/2
  1502 | D:2      | Reached ** piety under Trog
  1819 | D:3      | Reached XP level 4. HP: 37/41 MP: 3/3
  2075 | D:3      | Found a transporter.
  2112 | D:3      | Found a blossoming altar of Fedhas.
  2145 | D:3      | Found a transporter.
  2272 | D:3      | Reached skill level 5 in Fighting
  2272 | D:3      | Reached skill level 5 in Axes
  2272 | D:3      | Reached XP level 5. HP: 35/48 MP: 4/4
  2628 | D:4      | Found a runed translucent door.
  2646 | D:4      | Noticed an orc warrior
  2658 | D:4      | Mangled by an orc warrior

Illustrated notes

Levels and vault maps discovered:
D:1:      kb_arrival_jail, layout_loops_corners, basic_ecumenical_altar
D:2:      cheibrodos_greedy_goblins, layout_basic, basic_altar,
          guppyfry_early_orc_mine
D:3:      layout_loops_cross, fedhas_altar_1, gammafunk_ghost_gnarly_gnolls,
          minmay_vboxes
D:4:      layout_loops_cross, trog_hazing_becter, ebering_ghost_sewer_f,
          amcnicky_mini_corridor_feature, supply_closet_lemuel

Skill      XL: |  1  2  3  4 |
---------------+-------------+-----
Fighting       | 4 5 |  5.0
Axes           | 4 5 |  5.2
Armour         | 3 |  3.6
Dodging        | |  2.5

Action                   |  1- 3 |  4- 6 || total
-------------------------+-------+-------++-------
Melee: Hand axe          |    42 |       ||    42
       Headbutt          |    12 |     7 ||    19
       War axe           |    47 |    42 ||    89
Invok: Berserk           |     1 |     1 ||     2
Armor: Animal skin       |     4 |       ||     4
       Chain mail        |    33 |    23 ||    56
Dodge: Dodged            |    45 |    17 ||    62

Table legend: (Time is in decaauts)
 A = Elapsed time spent in this place.
 B = Non-inter-level travel time spent in this place.
 C = Inter-level travel time spent in this place.
 D = Time resting spent in this place.
 E = Time spent auto-exploring this place.
 F = Levels seen in this place.
 G = Mean time per level.
                   A        B        C        D        E       F      G
               +--------+--------+--------+--------+--------+-----+--------+
         Total |   2696 |   2601 |     95 |    160 |   2137 |   4 |  674.0 |
       Dungeon |   2696 |   2601 |     95 |    160 |   2137 |   4 |  674.0 |
               +--------+--------+--------+--------+--------+-----+--------+

Top non-repeatable levels by time:
     D:1: 987 daAuts
     D:2: 854 daAuts
     D:3: 797 daAuts
     D:4: 56 daAuts
